 Dungeon Crawl Stone Soup version 0.28.0-53-g5a82cb258f (webtiles) character file.

Game seed: 15717436032236096320

156 cbfl8 the Chopper (level 5, 0/70 HPs)
             Began as a Minotaur Berserker on July 25, 2022.
             Was a Believer of Trog.
             Succumbed to a gnoll sergeant's poison
             ... on level 3 of the Dungeon.
             The game lasted 00:02:28 (2764 turns).

cbfl8 the Chopper (Minotaur Berserker)              Turns: 2764, Time: 00:02:28

Health: 0/70       AC: 13    Str: 21    XL:     5   Next: 14%
Magic:  4/4        EV: 11    Int:  4    God:    Trog [**....]
Gold:   95         SH:  0    Dex: 12    Spells: 4/4 levels left

rFire   . . .      SeeInvis .   k - +0 war axe
rCold   . . .      Faith    .   (no shield)
rNeg    . . .      Spirit   .   m - +0 scale mail
rPois   .          Reflect  .   (helmet restricted)
rElec   .          Harm     .   n - +2 cloak
rCorr   .          Rampage  .   g - +2 pair of gloves
Will    .....                   (no boots)
Stlth   ..........              (no amulet)
HPRegen 0.21/turn               (no ring)
MPRegen 0.09/turn               (no ring)

@: berserking (expiring), lethally poisoned (0 -> -44), very quick
A: horns 2, retaliatory headbutt
a: Renounce Religion, Berserk, Trog's Hand


You were on level 3 of the Dungeon.
You worshipped Trog.
Trog was pleased with you.
You visited 1 branch of the dungeon, and saw 3 of its levels.

You collected 95 gold pieces.

Inventory:

Hand Weapons
 a - a +0 hand axe
 k - a +0 war axe (weapon)
Armour
 b - a +0 animal skin
 g - a +2 pair of gloves (worn)
 h - a +0 leather armour
 m - a +0 scale mail (worn)
 n - a +2 cloak (worn)
Scrolls
 e - 3 scrolls of teleportation {unknown}
 j - a scroll of identify {unknown}
Potions
 c - 2 potions of haste {unknown}
 d - a potion of brilliance
 f - 2 potions of curing {unknown}
 i - a potion of attraction {unknown}
 l - a potion of heal wounds {unknown}


   Skills:
 + Level 4.7 Fighting
 + Level 5.4 Axes
 + Level 2.8 Armour
 + Level 3.2 Dodging
 + Level 0.6 Stealth


You had 4 spell levels left.
You didn't know any spells.
Your spell library was empty.

Dungeon Overview and Level Annotations

Branches:
Dungeon (3/15)

Altars:
Wu Jian

Annotations:
D:2 1 runed translucent door, Crazy Yiuf


Innate Abilities, Weirdness & Mutations

You have a pair of horns on your head.
You reflexively headbutt those who attack you in melee.


Message History

The gnoll sergeant hits you from afar with a +7 spear of venom!
You are more poisoned.
The gnoll hits you from afar with a +0 halberd.
Unknown command.
You are too injured to fight recklessly!
Unknown command.
You are too injured to fight recklessly!
Unknown command.
You are too injured to fight recklessly!
Unknown command.
You are too injured to fight recklessly!
Unknown command.
You are too injured to fight recklessly!
You slash the orc!
You kill the orc!
Trog accepts your kill.
You barely miss the gnoll. You slash the gnoll!
You kill the gnoll!
Trog accepts your kill.
You feel very sick. The gnoll hits you with a +0 whip.
The gnoll hits you but does no damage.
The gnoll sergeant hits you from afar with a +7 spear of venom.
* * * LOW HITPOINT WARNING * * *
You are more poisoned.
The orc wizard gestures at you while chanting.
You resist with some effort.
You are too berserk!
You barely miss the orc. You headbutt the orc!
You kill the orc!
Trog accepts your kill.
You barely miss the gnoll.
* * * LOW HITPOINT WARNING * * *
You feel extremely sick. The gnoll hits you but does no damage.
The gnoll sergeant hits you from afar with a +7 spear of venom.
* * * LOW HITPOINT WARNING * * *
You are more poisoned.
You hit the gnoll. You headbutt the gnoll.
The gnoll is severely wounded.
You die...

...........).......
≈≈≈≈≈≈≈≈≈≈≈....≈≈≈≈
≈≈≈≈≈≈≈≈≈≈≈†....≈≈≈≈
≈≈≈≈≈≈≈≈≈≈≈≈....≈≈≈≈
...................
###########''''####
#######....#
+.....'....+
#######)@).# ##g)##


ogggg .oo..... ........... ............ #####++###### You could see a gnoll
sergeant, an orc wizard, 4 gnolls and 2 orcs.

Vanquished Creatures
  Jessica (D:2)
  4 gnolls (D:3)
  2 dart slugs (D:1)
  8 orcs (D:3)
  11 ball pythons
  7 bats
  6 endoplasms
  6 goblins
  8 hobgoblins
  7 jackals
  7 kobolds
  A quokka (D:1)
  A frilled lizard (D:3)
  4 rats
73 creatures vanquished.

Vanquished Creatures (others)
  A fungus (D:1)
1 creature vanquished.

Grand Total: 74 creatures vanquished

Notes
Turn   | Place    | Note
-------+----------+-------------------------------------------
     0 | D:1      | cbfl8 the Minotaur Berserker began the quest for the Orb.
     0 | D:1      | Reached XP level 1. HP: 19/19 MP: 0/0
    91 | D:1      | Found a faded altar of an unknown god.
   116 | D:1      | Reached skill level 4 in Axes
   274 | D:1      | Reached XP level 2. HP: 26/27 MP: 1/1
   569 | D:1      | Reached XP level 3. HP: 11/33 MP: 2/2
  1557 | D:2      | Found a runed translucent door.
  1558 | D:2      | Noticed Crazy Yiuf
  1719 | D:2      | Reached ** piety under Trog
  1764 | D:2      | Noticed Jessica
  1778 | D:2      | Killed Jessica
  1779 | D:2      | Reached XP level 4. HP: 41/41 MP: 3/3
  2299 | D:3      | Reached skill level 5 in Axes
  2341 | D:3      | Found an ornate altar of the Wu Jian Council.
  2753 | D:3      | Noticed a gnoll sergeant
  2761 | D:3      | Reached XP level 5. HP: 47/47 MP: 4/4
  2764 | D:3      | Succumbed to a gnoll sergeant's poison

Illustrated notes

Levels and vault maps discovered:
D:1:      minmay_arrival_semitransparent, layout_basic,
          shapermc_ecumenical_altar_acropolis
D:2:      layout_basic, kennysheep_generic_room_9, uniq_crazy_yiuf_cottage,
          uniq_jessica
D:3:      lemuel_castle_with_subvaults [lemuel_castle_interior_original],
          layout_basic, mainiacjoe_overflow_concentric_impassable, serial_bayou,
          serial_bayou_pond_b, serial_bayou_pond_d, serial_bayou_pond_e,
          serial_bayou_pond_e, dk_noncrumbling_2

Skill      XL: |  1  2  3  4 |
---------------+-------------+-----
Axes           | 4 5 |  5.4
Fighting       | 4 |  4.7
Dodging        | 3 |  3.2
Armour         | |  2.8
Stealth        | |  0.6

Action                   |  1- 3 |  4- 6 || total
-------------------------+-------+-------++-------
Melee: Hand axe          |    72 |       ||    72
       Headbutt          |     5 |    11 ||    16
       War axe           |       |    41 ||    41
       Punch             |       |     1 ||     1
Invok: Berserk           |     1 |     2 ||     3
 Stab: Sleeping          |     1 |       ||     1
Armor: Animal skin       |    17 |       ||    17
       Leather armour    |     9 |     7 ||    16
       Scale mail        |       |    13 ||    13
Dodge: Dodged            |    66 |    33 ||    99
